 Dungeon Crawl Stone Soup version 0.30-a0-852-g08b95dd62f (webtiles) character file.

Game seed: 8661137652332634099

191 BubbleThief the Poker (level 5, -1/41 HPs)
             Began as a Demonspawn Gladiator on Mar 4, 2023.
             Killed by nerve-wracking pain
             ... invoked by an orc priest
              (11 damage)
             ... on level 2 of the Dungeon.
             The game lasted 00:04:11 (2819 turns).

BubbleThief the Poker (Demonspawn Gladiator)        Turns: 2819, Time: 00:04:11

Health: -1/41      AC:  6    Str: 16    XL:     5   Next: 41%
Magic:  5/5        EV: 12    Int: 10    God:
Gold:   154        SH:  0    Dex: 14    Spells: 3/4 levels left

rFire   . . .      SeeInvis .    a - +0 trident
rCold   + . .      Faith    .    (no shield)
rNeg    . . .      Spirit   .    r - +0 leather armour {rC+}
rPois   .          Reflect  .    c - +0 helmet
rElec   .          Rampage  .    (no cloak)
rCorr   .                        (no gloves)
Will    .....                    (no boots)
Stlth   +                        (no amulet)
HPRegen 0.26/turn                (no ring)
MPRegen 0.18/turn                (no ring)

@: no status effects
A: yellow scales 1, spiny 1, magic regeneration
a: no special abilities


You were on level 2 of the Dungeon.
You visited 1 branch of the dungeon, and saw 3 of its levels.

You collected 154 gold pieces.

Inventory:

Hand Weapons
 a - a +0 trident (weapon)
Missiles
 d - a throwing net (quivered)
 e - 4 javelins
Armour
 c - a +0 helmet (worn)
 r - a +0 leather armour of cold resistance (worn)
Scrolls
 f - a scroll of torment {unknown}
 g - 2 scrolls of teleportation {unknown}
 k - 3 scrolls of identify {unknown}
 l - a scroll of immolation {unknown}
 n - a scroll of summoning {unknown}
 o - 2 scrolls of fog {unknown}
Potions
 h - 2 potions of curing {unknown}
 i - 5 potions of flight {unknown}
 j - a potion of mutation {unknown}
 m - 2 potions of berserk rage {unknown}
 p - 2 potions of resistance {unknown}
 q - a potion of heal wounds


   Skills:
 + Level 3.6 Fighting
 * Level 4.8 Polearms
 - Level 1.7 Throwing
 - Level 2.6 Dodging


You had 3 spell levels left.
You knew the following spells:

 Your Spells              Type           Power      Damage    Failure   Level
a - Kiss of Death         Conj/Necr      0%         2d5       43%         1

Your spell library contained the following spells:

 Spells                   Type           Power      Damage    Failure   Level
 Confusing Touch          Hex            0%         N/A       80%         3
 Dispel Undead            Necr           0%         3d6       99%         4


Dungeon Overview and Level Annotations

Branches:
Dungeon (3/15)

Altars:

Shops:
D:1 (!


Innate Abilities, Weirdness & Mutations

You are partially covered in yellow scales. (AC +2)
You are partially covered in sharp spines.
You regenerate magic rapidly.


Message History

You barely miss the orc priest.
The orc priest is heavily wounded.
The orc priest barely misses you.
The orc priest hits you but does no damage.
You climb upwards.
There is a stone staircase leading down here.
Throw: 3 throwing nets
Press: ? - help, Q - select action, (/) - cycle Shift-Dir - straight line, f - orc priest
Aim: an orc priest, wielding a +2 flail of protection and wearing a +0 leather armour (heavily wounded, 59% to hit)
You throw a throwing net.
The throwing net closely misses the orc priest.
The orc priest hits you with a +2 flail of protection!
* * * LOW HITPOINT WARNING * * *
Throw: 2 throwing nets
Press: ? - help, Q - select action, (/) - cycle Shift-Dir - straight line, f/p - orc priest
Aim: an orc priest, wielding a +2 flail of protection and wearing a +0 leather armour (heavily wounded, 59% to hit)
You throw a throwing net. The throwing net hits the orc priest.
The orc priest is caught in the net!
The orc priest is heavily wounded.
The orc priest struggles against the net.
You hit the orc priest but do no damage.
The orc priest is heavily wounded.
The orc priest struggles against the net.
You hit the orc priest.
The orc priest is severely wounded.
The orc priest invokes the aid of Beogh against you.
Pain shoots through your body!
* * * LOW HITPOINT WARNING * * *
The orc priest struggles against the net.
You strike the helpless orc priest from behind!
You hit the orc priest but do no damage.
The orc priest is severely wounded.
You hit the orc priest.
The orc priest is severely wounded.
The orc priest struggles against the net.
You hit the orc priest.
The orc priest is severely wounded.
The orc priest mumbles some strange prayers to Beogh against you.
Pain shoots through your body!
You die...

##### ....#
....##############
....'....(.....o@#
....############.## ....#
#.....## #####
#......####### ######
#..⌠.........# .....#
#......#####.#
.....########.....######.#
.....#.....#####.## #....#
..†..#.....# #.# #.####


You could see an orc priest (caught).

Vanquished Creatures
  Jessica (D:2)
  Natasha (D:3)
  3 adders
  2 gnolls (D:3)
  3 worms
  3 dart slugs (D:3)
  4 orcs (D:3)
  5 ball pythons
  4 bats
  5 endoplasms
  3 giant cockroaches
  7 goblins
  7 hobgoblins
  11 jackals
  4 quokkas
  3 frilled lizards
  4 kobolds
  4 rats
74 creatures vanquished.

Notes
Turn   | Place    | Note
-------+----------+-------------------------------------------
     0 | D:1      | BubbleThief the Demonspawn Gladiator began the quest for
                  | the Orb.
     0 | D:1      | Reached XP level 1. HP: 16/16 MP: 1/1
   130 | D:1      | Reached skill level 3 in Polearms
   132 | D:1      | Gained mutation: You are partially covered in yellow
                  | scales. (AC +2) [demonic ancestry]
   132 | D:1      | Reached XP level 2. HP: 13/22 MP: 2/2
   607 | D:1      | Learned a level 1 spell: Kiss of Death
   649 | D:1      | Found Iwyew's Antique Weapon Shoppe.
   686 | D:1      | Gained mutation: You are partially covered in sharp spines.
                  | [demonic ancestry]
   686 | D:1      | Reached XP level 3. HP: 23/28 MP: 3/3
   809 | D:1      | Found Vatotof's Distillery.
  1493 | D:2      | Noticed Jessica
  1508 | D:2      | Killed Jessica
  1509 | D:2      | Reached skill level 4 in Polearms
  1509 | D:2      | Gained mutation: You regenerate magic rapidly. [demonic
                  | ancestry]
  1509 | D:2      | Reached XP level 4. HP: 32/35 MP: 4/4
  2159 | D:3      | Found a faded altar of an unknown god.
  2406 | D:3      | Reached XP level 5. HP: 34/41 MP: 5/5
  2446 | D:3      | Identified the +8 short sword of the Three Places {freeze,
                  | Fly}
  2452 | D:3      | Noticed Natasha
  2475 | D:3      | Killed Natasha
  2819 | D:2      | Killed from afar by an orc priest

Illustrated notes

Levels and vault maps discovered:
D:1:      elethiomel_arrival_infinity_welcomes_careful_drivers,
          layout_loops_corners, serial_shops, shop, shop,
          grunt_decor_mini_mirrors, minmay_misc_feat_chi
D:2:      layout_basic, dreamdust_wishing_well, kennysheep_jessica_study
D:3:      lemuel_castle_with_subvaults [lemuel_castle_interior_carwin_3],
          layout_basic, shapermc_ecumenical_altar_pompeii, uniq_ijyb,
          uniq_natasha

Skill      XL: |  1  2  3 |
---------------+----------+-----
Polearms       | 3 4 |  4.8
Fighting       | 3 |  3.6
Throwing       | |  1.7
Dodging        | |  2.6

Action                     |  1- 3 |  4- 6 || total
---------------------------+-------+-------++-------
  Melee: Trident           |   123 |   112 ||   235
         Unarmed           |       |     8 ||     8
  Throw: Throwing net      |       |     2 ||     2
   Stab: Sleeping          |       |     1 ||     1
         Held in net/web   |       |     1 ||     1
 Armour: Leather armour    |    29 |    26 ||    55
  Dodge: Dodged            |    47 |    56 ||   103

Table legend: (Time is in decaauts)
 A = Elapsed time spent in this place.
 B = Non-inter-level travel time spent in this place.
 C = Inter-level travel time spent in this place.
 D = Time resting spent in this place.
 E = Time spent auto-exploring this place.
 F = Levels seen in this place.
 G = Mean time per level.
                   A        B        C        D        E       F      G
               +--------+--------+--------+--------+--------+-----+--------+
         Total |   2843 |   2782 |     61 |     94 |   2081 |   3 |  947.7 |
       Dungeon |   2843 |   2782 |     61 |     94 |   2081 |   3 |  947.7 |
               +--------+--------+--------+--------+--------+-----+--------+

Top non-repeatable levels by time:
     D:2: 1147 daAuts
     D:1: 1064 daAuts
     D:3: 631 daAuts
